AoeStats
← MXFXAlpha

Arabia

509949862Analyzed
1v1 RM · 3d ago on Sep 28, 2026· 38m 13s· 2 players
Game mode
Random Map
Map size
Tiny (2 player)
Population
200
Speed
Normal
Resources
Standard
Victory
Conquest
Starting age
Dark Age
Ending age
Imperial Age
RankedLock teamsTeams togetherTeam positionsShared explorationLock speedFull tech treeHidden civsTurbo modeCheats
Victory
Defeat
🇪🇸 Portuguese · Spain
843
+16
🇬🇧 Persians · United Kingdom
847
-16
luismiasencio9
2:07 Loom
9:44 Feudal Age
10:15 Double-Bit Axe
15:54 Horse Collar
18:31 Gold Mining
22:43 Castle Age
21:35 Fletching
22:08 Stone Mining
23:50 Bow Saw
24:43 Bodkin Arrow
24:50 Padded Archer Armor
29:41 Ballistics
31:00 Bloodlines
34:34 Thumb Ring
34:48 Leather Archer Armor
35:16 Wheelbarrow
34:43 Heavy Plow
40:34 Imperial Age
MXFXAlpha
4:53 Loom
10:28 Feudal Age
12:22 Horse Collar
12:29 Double-Bit Axe
20:53 Castle Age
19:53 Gold Mining
20:15 Scale Barding Armor
22:05 Bow Saw
21:57 Heavy Plow
24:51 Wheelbarrow
24:45 Bloodlines
24:35 Husbandry
25:08 Squires
26:58 Hand Cart
26:30 Town Watch
26:50 Fletching
27:01 Padded Archer Armor
27:22 Chain Barding Armor
27:12 Forging
27:04 Scale Mail Armor
28:16 Forging
29:39 Leather Archer Armor
29:19 Bodkin Arrow
29:32 Stone Mining
29:38 Elite Skirmisher
30:38 Bodkin Arrow
32:31 Thumb Ring
35:13 Ballistics
35:04 Masonry
Connection lost

Rejoining the realm…

Still unreachable

The connection could not be restored.

Session expired

The server has moved on; the page needs a fresh start.